 Dungeon Crawl Stone Soup version 0.25.1-2-g60ff931df9 (webtiles) character file.

Game seed: 5182151581625010445

350 Martska the Changer (level 6, -3/51 HPs)
             Began as a Naga Transmuter on Oct 14, 2020.
             Slain by an ice beast (21 damage)
             ... on level 5 of the Dungeon.
             The game lasted 00:07:13 (4810 turns).

Martska the Changer (Naga Transmuter)               Turns: 4810, Time: 00:07:14

Health: -3/51      AC:  2    Str: 12    XL:     6   Next: 61%
Magic:  7/9        EV: 19    Int: 15    God:
Gold:   163        SH:  0    Dex: 17    Spells: 0/9 levels left

rFire    + . .     SeeInvis +     - Unarmed
rCold    x . .     Gourm    .   (shield currently unavailable)
rNeg     . . .     Faith    .   (armour currently unavailable)
rPois    x         Spirit   .   (helmet currently unavailable)
rElec    .         Reflect  .   (cloak currently unavailable)
rCorr    .         Harm     .   (gloves currently unavailable)
MR       .....                  (no barding)
Stlth    ++........             (no amulet)
HPRegen  0.17/turn              h - ring of fire
MPRegen  0.11/turn              (no ring)

@: spider-form
A: tiny, see invisible, slow metabolism 1, spit poison 1, AC +2
a: Spit Poison, End Transformation


You were on level 5 of the Dungeon.
You were hungry.
You were a venomous arachnid creature.
You visited 2 branches of the dungeon, and saw 5 of its levels.

You collected 163 gold pieces.

Inventory:

Hand Weapons
 e - a +0 club
 j - a +0 spear (melded)
Missiles
 a - 53 arrows
Armour
 b - a +0 robe
 q - a cursed +0 robe (melded)
Jewellery
 h - a ring of fire (left front leg)
Wands
 n - a wand of clouds (7)
Scrolls
 c - 4 scrolls of identify
 f - 3 scrolls of fear
 k - 4 scrolls of magic mapping {unknown}
 m - a scroll of remove curse {unknown}
 o - 2 scrolls of amnesia {unknown}
Potions
 g - 2 potions of heal wounds {unknown}
 i - a potion of magic {unknown}
 l - a potion of brilliance {unknown}
 p - a potion of berserk rage {unknown}
Comestibles
 d - 4 rations
 r - a chunk of flesh


   Skills:
 - Level 1.0 Fighting
 - Level 1.5 Dodging
 - Level 3.0 Unarmed Combat
 - Level 2.0 Spellcasting
 + Level 6.8 Transmutations


You couldn't memorise any spells.
You knew the following spells:

 Your Spells              Type           Power        Failure   Level  Hunger
a - Beastly Appendage     Tmut           ###...       6%          1    #......
b - Spider Form           Tmut/Pois      ##........   34%         3    ###....
c - Blade Hands           Tmut           ###.......   58%         5    ######.

Your spell library contained the following spells:

 Spells                   Type           Power        Failure   Level  Hunger
 Sticks to Snakes         Tmut           ###.....     8%          2    ###....
 Ice Form                 Ice/Tmut       ##......     69%         4    #####..


Dungeon Overview and Level Annotations

Branches:
Dungeon (5/15)             Temple (1/1) D:4

Altars:
Cheibriados
Elyvilon
Fedhas
Hepliaklqana
Makhleb
Ru
Sif Muna
Trog
Vehumet
Wu Jian
Yredelemnul
Zin
The Shining One


Innate Abilities, Weirdness & Mutations

You cannot wear boots.
((Your serpentine skin is tough. (AC +2)))
You have supernaturally acute eyesight. (SInv)
((Armour fits poorly on your strangely shaped body.))
((Your system is resistant to poisons. (rPois)))
((You cover ground very slowly.))
You have a slow metabolism.
You can spit poison.


Message History

You hit the ice beast.
The ice beast is moderately wounded.
The ice beast closely misses you.
You hit the ice beast.
The ice beast is moderately wounded.
You are feeling hungry.
The ice beast hits you. The ice beast freezes you!
You feel a terrible chill!
You hit the ice beast.
The ice beast is heavily wounded.
The ice beast barely misses you.
You hit the ice beast but do no damage.
The ice beast is heavily wounded.
The ice beast barely misses you.
You hit the ice beast but do no damage.
The ice beast is heavily wounded.
The ice beast misses you.
You hit the ice beast.
The ice beast is severely wounded.
The ice beast hits you. The ice beast freezes you!!
You feel a terrible chill!
You die...

... ... #.# #.# ##.##
## .o. .# ## #Y# #>#
#+# # . #s# ..# #.#
#.#.#.# #.# #.#
#.#.#.###.# ##.###
#.........# ##.....
##..#.##..# #.....#
#..#.#)..# ##...##
#.....†..########..#.
#.##.................
#.......#########.##.


You could see an ice beast and an orc.

Vanquished Creatures
  2 scorpions
  A centaur zombie (D:5)
  A crimson imp (D:5)
  An orc priest (D:4)
  A bullfrog skeleton (D:4)
  A hound zombie (D:4)
  3 hound skeletons
  2 adders
  4 leopard geckos
  6 orcs
  2 giant cockroaches
  8 goblins
  3 hobgoblins
  2 jackals (D:4)
  5 kobolds
  5 bats
  3 frilled lizards
  6 rats
  A fungus (D:4)
57 creatures vanquished.

Notes
Turn   | Place    | Note
-------+----------+-------------------------------------------
     0 | D:1      | Martska the Naga Transmuter began the quest for the Orb.
     0 | D:1      | Reached XP level 1. HP: 18/18 MP: 3/3
   344 | D:1      | Reached XP level 2. HP: 3/25 MP: 5/5
  1127 | D:1      | Reached skill level 3 in Transmutations
  1951 | D:2      | Reached XP level 3. HP: 15/31 MP: 6/6
  2405 | D:2      | Learned a level 3 spell: Spider Form
  2686 | D:2      | Reached skill level 4 in Transmutations
  2790 | D:2      | You fall into a shaft and drop 2 floors!
  2790 | D:4      | Found a blossoming altar of Fedhas.
  2850 | D:4      | Reached XP level 4. HP: 21/38 MP: 7/7
  3014 | D:4      | Reached skill level 5 in Transmutations
  3168 | D:4      | Reached XP level 5. HP: 40/44 MP: 8/8
  3858 | D:4      | Found a staircase to the Ecumenical Temple.
  3892 | Temple   | Entered the Ecumenical Temple
  4399 | D:5      | Entered Level 5 of the Dungeon
  4417 | D:5      | Reached skill level 6 in Transmutations
  4417 | D:5      | Reached XP level 6. HP: 28/51 MP: 3/9
  4586 | D:5      | Learned a level 5 spell: Blade Hands
  4793 | D:5      | Noticed an ice beast
  4810 | D:5      | Slain by an ice beast

Illustrated notes

Levels and vault maps discovered:
D:1:      nagdon_arrival_double_spiral, layout_basic
D:2:      layout_loops_ring, lemuel_crystal_altar
D:4:      layout_basic, fedhas_altar_3, minmay_temple_entry_purple_smoke,
          first_ration
D:5:      layout_loops_corners
Temple:   cyrus_circular_temple

Skill      XL: |  1  2  3  4  5 |
---------------+----------------+-----
Transmutations | 3 4 5 6 |  6.8
Fighting       | |  1.0
Dodging        | |  1.5
Unarmed Combat | |  3.0
Spellcasting   | |  2.0

Action                   |  1- 3 |  4- 6 || total
-------------------------+-------+-------++-------
Melee: Club              |    69 |       ||    69
       Unarmed           |     7 |    77 ||    84
       Spear             |    67 |    16 ||    83
 Cast: Spider Form       |     1 |    10 ||    11
 Abil: Spit Poison       |    19 |    10 ||    29
  Use: Scroll            |       |     1 ||     1
 Stab: Sleeping          |     1 |       ||     1
  Eat: Chunk             |     5 |     4 ||     9
       Ration            |       |     1 ||     1
Armor: Robe              |    18 |     4 ||    22
       Skin              |       |     7 ||     7
Dodge: Dodged            |    97 |    63 ||   160
